 Dungeon Crawl Stone Soup version 0.31-a0-366-ga77b45bd9b (webtiles) character file.

Game seed: 11150366850259166110

1662 Ajdolov the Mimic (level 9, -1/66 (68) HPs)
             Began as a Merfolk Shapeshifter on July 27, 2023.
             Was an Initiate of Ru.
             Slain by a wight
             ... wielding a +3 halberd
              (3 damage)
             ... on level 6 of the Dungeon.
             The game lasted 00:07:18 (5991 turns).

Ajdolov the Mimic (Merfolk Shapeshifter)            Turns: 5991, Time: 00:07:19

HP:   -1/66 (68)    AC:  5    Str: 25    XL:     9   Next: 0%
MP:   0/9           EV: 12    Int:  7    God:    Ru [......]
Gold: 438           SH:  0    Dex: 15    Spells: 8/8 levels left

rFire   . .          .
                       - Unarmed
rCold   . . .        (no shield)
rNeg    . . .        d - +0 ring mail
rPois   .            (helmet currently unavailable)
rElec   .            (cloak currently unavailable)
rCorr   .            (gloves currently unavailable)
SInv    .            (boots currently unavailable)
Will    .....        g - amulet of guardian spirit
Stlth   +            i - +6 ring of strength
HPRegen 0.31/turn    v - +4 ring of slaying
MPRegen 0.11/turn

%: guardian spirit
@: beast-form, lightly drained
A: beast (slay +7), (nimble swimmer 2), mertail
a: Begin Untransformation, Renounce Religion


You were on level 6 of the Dungeon.
You worshipped Ru.
Ru was noncommittal.
You were a hulking beast.
You visited 2 branches of the dungeon, and saw 8 of its levels.

You collected 438 gold pieces.

Inventory:

Missiles
 f - 5 curare-tipped darts
Armour
 d - a +0 ring mail (worn)
Jewellery
 g - an amulet of guardian spirit (around neck)
 i - a +6 ring of strength (left hand)
 n - a ring of ice
 v - a +4 ring of slaying (right hand)
 y - an amulet of faith
Talismans
 c - a beast talisman
Wands
 k - a wand of quicksilver (11)
 q - a wand of paralysis (4)
Scrolls
 a - 2 scrolls of poison {unknown}
 e - 11 scrolls of identify {unknown}
 j - a scroll of immolation {unknown}
 p - 7 scrolls of teleportation {unknown}
 w - a scroll of brand weapon {unknown}
 x - 2 scrolls of silence {unknown}
 z - a scroll of vulnerability {unknown}
Potions
 b - 2 potions of lignification
 h - a potion of attraction {unknown}
 l - a potion of haste {unknown}
 m - a potion of mutation {unknown}
 o - a potion of enlightenment {unknown}
 r - a potion of invisibility {unknown}
 s - a potion of magic {unknown}
 t - 2 potions of cancellation {unknown}
 u - a potion of brilliance {unknown}
 A - a potion of curing {unknown}


   Skills:
 - Level 5.0 Fighting
 - Level 2.6 Dodging
 - Level 5.0 Unarmed Combat
 * Level 11.1 Shapeshifting


You had 8 spell levels left.
You didn't know any spells.
Your spell library contained the following spells:

 Spells                   Type           Power      Damage    Failure   Level
 Inner Flame              Hex/Fire       0%         N/A       91%         3
 Flame Wave               Conj/Fire      0%         2d4       100%        4
 Sticky Flame             Conj/Fire      0%         2d3       100%        4


Dungeon Overview and Level Annotations

Branches:
Dungeon (7/15)             Temple (1/1) D:6

Altars:
Ashenzari
Cheibriados
Dithmenos
Elyvilon
Fedhas
Gozag
Hepliaklqana
Kikubaaqudgha
Makhleb
Nemelex Xobeh
Okawaru
Qazlal
Ru
Sif Muna
Trog
Uskayaw
Vehumet
Wu Jian
Yredelemnul
Zin
The Shining One

Annotations:
D:1 1 transporter
D:5 1 runed translucent door, Elkerch's ghost, novice HuHu


Innate Abilities, Weirdness & Mutations

You are a hulking beast.
Your limbs bulge with bestial killing power. (Slay +7)
((You are very nimble when in or above water. (Stealth+, EV+, Speed+++)))
Your lower body shifts to a powerful aquatic tail in water.


Message History

Found a plate armour.
You open the door.
Found a spear.
A wight comes into view. It is wielding a +3 halberd.
A wight comes into view. It is wielding a +0 heavy spear.
Unknown command.
The wight hits you from afar with a +3 halberd!
There is an open door here.
There is a stone staircase leading up here.
The wight hits you with a +3 halberd!
There is a stone staircase leading up, spattered with blood here.
The wight hits you with a +3 halberd!!
The wight hits you from afar with a +0 heavy spear!
You climb upwards.
There is a stone staircase leading down here.
You are too injured to fight recklessly!
You hit the wight but do no damage. The wight hits you with a +3 halberd.
You closely miss the wight. The wight hits you with a +3 halberd!
* * * LOW HITPOINT WARNING * * *
You punch the wight!
The wight is severely damaged.
The wight closely misses you.
You closely miss the wight.
The wight is severely damaged.
You closely miss the wight.
The wight is severely damaged.
The wight closely misses you.
You hit the wight.
The wight is almost destroyed.
The wight misses you.
You closely miss the wight.
The wight is almost destroyed.
The wight hits you with a +3 halberd!
* * * LOW HITPOINT WARNING * * *
You feel drained.
* * * LOW HITPOINT WARNING * * *
You hit the wight.
The wight is almost destroyed.
The wight hits you with a +3 halberd.
You die...

#...# #.#.# ######.#.#
#......#.# #.######.#
#.# ##.### #.# #....#
##.## #....# #zh.#
#....# #### #...#
##.#### #...
#####...#####....###...
#.....#........##...##.
#.....###.#...#..###..#
#.....###.#..#..#...#..
#.....+......#.#.###.#.
#.....###...#.#.#..)#.#
#.....+.....#.#.#.>.#.#


You could see a wight.

Vanquished Creatures
  Sigmund (D:2)
  Menkaure (D:7)
  An ice beast (D:6)
  An ogre (D:5)
  A black bear (D:5)
  A phantom (D:5)
  A bullfrog (D:7)
  5 scorpions
  3 wights
  2 howler monkeys (D:7)
  2 orc priests (D:5)
  2 hounds (D:6)
  A sleepcap (D:5)
  3 iguanas
  3 orc wizards
  7 adders
  A white imp (D:5)
  3 dart slugs
  12 orcs
  6 ball pythons
  4 bats
  5 endoplasms
  2 giant cockroaches
  4 goblins
  3 hobgoblins
  5 jackals
  3 quokkas
  A frilled lizard (D:3)
  3 kobolds
  5 rats
92 creatures vanquished.

Notes
Turn   | Place    | Note
-------+----------+-------------------------------------------
     0 | D:1      | Ajdolov the Merfolk Shapeshifter began the quest for the
                  | Orb.
     0 | D:1      | Reached XP level 1. HP: 15/15 MP: 1/1
    64 | D:1      | Reached XP level 2. HP: 11/21 MP: 2/2
   362 | D:1      | You fall into a shaft and drop 1 floor!
   427 | D:2      | Reached XP level 3. HP: 22/26 MP: 3/3
   449 | D:2      | Found a faded altar of an unknown god.
   461 | D:2      | Reached skill level 5 in Shapeshifting
   534 | D:2      | Noticed Sigmund
   546 | D:2      | Killed Sigmund
   547 | D:2      | Reached skill level 6 in Shapeshifting
   547 | D:2      | Reached XP level 4. HP: 32/32 MP: 4/4
   547 | D:2      | Reached XP level 5. HP: 37/37 MP: 5/5
   636 | D:2      | Reached XP level 6. HP: 43/43 MP: 6/6
   844 | D:2      | Reached skill level 5 in Unarmed Combat
  1828 | D:3      | Found an ancient bone altar of Kikubaaqudgha.
  2636 | D:4      | Reached skill level 7 in Shapeshifting
  3193 | D:4      | Found a radiant altar of Vehumet.
  3448 | D:5      | Entered Level 5 of the Dungeon
  3526 | D:5      | Reached XP level 7. HP: 46/51 MP: 7/7
  3594 | D:5      | Found a white marble altar of Elyvilon.
  3775 | D:5      | Found a runed translucent door.
  3776 | D:5      | Noticed Elkerch's ghost (novice HuHu)
  3806 | D:5      | Reached skill level 8 in Shapeshifting
  4437 | D:5      | Reached XP level 8. HP: 45/60 MP: 5/8
  4668 | D:5      | Reached skill level 9 in Shapeshifting
  4746 | D:6      | Found a staircase to the Ecumenical Temple.
  4814 | Temple   | Entered the Ecumenical Temple
  4821 | Temple   | Became a worshipper of Ru the Awakened
  4925 | D:6      | Reached skill level 5 in Fighting
  5061 | D:6      | Reached skill level 10 in Shapeshifting
  5650 | D:7      | Noticed Menkaure
  5658 | D:7      | Killed Menkaure
  5790 | D:7      | Reached skill level 11 in Shapeshifting
  5797 | D:7      | Reached XP level 9. HP: 61/68 MP: 9/9
  5990 | D:6      | HP: 3/68 [wight/+3 halberd (15)]
  5991 | D:6      | Slain by a wight

Illustrated notes

Levels and vault maps discovered:
D:1:      spicycebolla_arrival_risky_transporter, layout_basic,
          minmay_close_crescents
D:2:      layout_basic, hellmonk_ecumenical_altar_arch_garden,
          kennysheep_decorative_pillar, uniq_sigmund
D:3:      layout_loops_corners, mainiacjoe_overflow_24_doors
D:4:      layout_loops_ring, nicolae_vehumet_radiance
D:5:      layout_loops_ring, amcnicky_altar_gilded, ebering_ghost_sewer_d,
          kennysheep_generic_room_14
D:6:      layout_basic, minmay_temple_entry_steel_oval
D:7:      layout_gridville, uniq_menkaure
Temple:   nicolae_temple_no_exploring_needed

Skill      XL: |  1  2  3  4  5  6  7  8 |
---------------+-------------------------+-----
Shapeshifting  | 6 7 8 11 | 11.1
Unarmed Combat | 4 5 |  5.0
Fighting       | 2 4 5 |  5.0
Dodging        | |  2.6

Action                     |  1- 3 |  4- 6 |  7- 9 || total
---------------------------+-------+-------+-------++-------
  Melee: Unarmed           |    43 |    88 |   128 ||   259
         Punch             |     1 |     2 |     2 ||     5
  Throw: Dart              |     1 |     4 |     6 ||    11
 Armour: Ring mail         |     6 |    22 |    20 ||    48
  Dodge: Dodged            |    27 |    48 |    49 ||   124

Table legend: (Time is in decaauts)
 A = Elapsed time spent in this place.
 B = Non-inter-level travel time spent in this place.
 C = Inter-level travel time spent in this place.
 D = Time resting spent in this place.
 E = Time spent auto-exploring this place.
 F = Levels seen in this place.
 G = Mean time per level.
                   A        B        C        D        E       F      G
               +--------+--------+--------+--------+--------+-----+--------+
         Total |   5968 |   5763 |    205 |     51 |   4858 |   8 |  746.0 |
       Dungeon |   5955 |   5755 |    200 |     51 |   4858 |   7 |  850.7 |
        Temple |     13 |      8 |      5 |      0 |      0 |   1 |   13.0 |
               +--------+--------+--------+--------+--------+-----+--------+

Top non-repeatable levels by time:
     D:5: 1271 daAuts
     D:3: 886 daAuts
     D:2: 870 daAuts
     D:6: 862 daAuts
     D:1: 848 daAuts
     D:4: 833 daAuts
     D:7: 383 daAuts
  Temple: 13 daAuts
